 Dungeon Crawl Stone Soup version 0.17.1-3-g152610e (webtiles) character file.

116 Alarkh the Chopper (level 4, -1/33 HPs)
             Began as a Mummy Skald on Apr 5, 2016.
             Was an Initiate of Yredelemnul.
             Slain by a wight
             ... wielding a +2 great sword
              (11 damage)
             ... in an ossuary.
             The game lasted 00:03:28 (2747 turns).

Alarkh the Chopper (Mummy Skald)                    Turns: 2747, Time: 00:03:28

Health: -1/33      AC:  5    Str: 15    XL:     4   Next: 69%
Magic:  4/7        EV: 11    Int: 12    God:    Yredelemnul [......]
Gold:   89         SH:  0    Dex: 11    Spells: 1 memorised, 6 levels left

rFire  x . .     SeeInvis .     a - +1 hand axe
rCold  + . .     Clarity  .     b - +0 leather armour
rNeg   + + +     SustAt   .     (no shield)
rPois  ∞         Gourm    .     (no helmet)
rElec  .         Spirit   .     d - +1 cloak
rCorr  .         Warding  .     (no gloves)
rMut   .         Stasis   .     (no boots)
MR     .....                    (no amulet)
Stlth  ++........               (no ring)
                                o - ring of stealth

@: infused, not resistant to hostile enchantments, unstealthy
A: no food or potions, fire vulnerability, cold resistance 1, negative energy
resistance 3, torment resistance, unbreathing
a: Renounce Religion


You were in an ossuary.
You worshipped Yredelemnul.
Yredelemnul was noncommittal.
You were not hungry.

You visited 1 branch of the dungeon, and saw 4 of its levels.
You also visited: Ossuary.

You collected 89 gold pieces.

Inventory:

Hand Weapons
 a - a +1 hand axe (weapon)
Armour
 b - a +0 leather armour (worn)
 d - a +1 cloak (worn)
Jewellery
 o - a ring of stealth (left hand)
 p - an uncursed ring of ice
Scrolls
 e - a scroll of enchant armour
 f - a scroll of fog
 g - a scroll of immolation
 k - a scroll of remove curse {unknown}
 l - a scroll of teleportation {unknown}
 q - a scroll of fear {unknown}
Books
 c - a book of Battle

   Spells                             Type                      Level
   a - Infusion                       Charms                       1
   b - Shroud of Golubria             Charms/Translocation         2
   c - Song of Slaying                Charms                       2
   d - Spectral Weapon                Hexes/Charms                 3
   e - Regeneration                   Charms/Necromancy            3
Miscellaneous
 m - a plain deck of summoning


   Skills:
 - Level 2.0 Fighting
 + Level 4.1 Axes
 - Level 0.7 Armour
 - Level 0.7 Dodging
 - Level 2.0 Spellcasting
 - Level 2.4 Charms


You had 6 spell levels left.
You knew the following spells:

 Your Spells              Type           Power        Failure   Level  Hunger
a - Infusion              Chrm           #.....       14%         1    N/A

Dungeon Overview and Level Annotations

Branches:
Dungeon (4/15)
 Temple: D:4-7

Altars:
Ashenzari
Nemelex Xobeh
Sif Muna
Trog
Yredelemnul

Shops:
D:4 %

Annotations:
D:3 Alipheese's ghost, amateur NaIE; Robin


Innate Abilities, Weirdness & Mutations

You do not eat or drink.
Your flesh is vulnerable to fire.
You are immune to poison.
Your flesh is cold resistant.
You are immune to negative energy.
You are immune to unholy pain and torment.
You can survive without breathing.


Message History

Unknown command.
You hit the wight.
The wight is heavily damaged.
The wight hits you with an enchanted great sword!
You closely miss the wight.
The wight is heavily damaged.
The wight barely misses you.
You hit the wight.
The wight is heavily damaged.
The wight hits you but does no damage.
You hit the wight.
The wight is severely damaged.
You closely miss the wight.
The wight is severely damaged.
The wight closely misses you.
You barely miss the wight.
The wight is severely damaged.
The wight hits you with an enchanted great sword!
You die...
Yredelemnul claims you as an undead slave.

.∩..## #####....#.#..#
.....## ##..#..........#
......###.#............#
.∩...#...###..........##
....###### #.#.......##
..### ####.....## .##
##...## ## ###'###
#)@.'.# ###z### #.'.'.#
###.### +.+ #.# +.+ #.#
+.+


You could see a wight.

Vanquished Creatures
  A wight (Ossuary)
  2 adders
  2 oozes (D:2)
  A worm (D:2)
  A ball python (D:1)
  3 giant cockroaches
  6 hobgoblins
  A quokka (D:4)
  6 bats
  A giant newt (D:3)
  9 goblins
  4 jackals (D:2)
  3 kobolds (D:1)
  An orc zombie (Ossuary)
  8 rats
  A spectral orc (D:2)
50 creatures vanquished.

Notes
Turn   | Place    | Note
--------------------------------------------------------------
     0 | D:1      | Alarkh the Mummy Skald began the quest for the Orb.
     0 | D:1      | Reached XP level 1. HP: 16/16 MP: 3/3
   196 | D:1      | Reached XP level 2. HP: 17/22 MP: 5/5
   988 | D:2      | Reached XP level 3. HP: 20/27 MP: 0/6
  1179 | D:2      | Found a sparkling altar of Nemelex Xobeh.
  1180 | D:2      | Found a bloodstained altar of Trog.
  1211 | D:2      | Reached skill level 3 in Axes
  1357 | D:2      | Found a deep blue altar of Sif Muna.
  1357 | D:2      | Found a shattered altar of Ashenzari.
  1578 | D:2      | Found a basalt altar of Yredelemnul.
  1833 | D:2      | Became a worshipper of Yredelemnul the Dark
  1910 | D:3      | Noticed Alipheese's ghost (amateur NaIE)
  1981 | D:3      | Reached XP level 4. HP: 11/33 MP: 3/7
  2256 | D:3      | Noticed Robin
  2318 | D:4      | Found a sand-covered staircase.
  2421 | D:4      | Found Xuwasyunn's Food Shoppe.
  2430 | Ossuary  | Entered an ossuary
  2484 | Ossuary  | Reached skill level 4 in Axes
  2747 | Ossuary  | Slain by a wight

Action                   |  1- 3 |  4- 6 || total
-------------------------+-------+-------++-------
Melee: Hand axe          |   171 |    53 ||   224
 Cast: Infusion          |     6 |     3 ||     9
  Use: Scroll            |       |     6 ||     6
 Stab: Sleeping          |     1 |     2 ||     3
